 Dungeon Crawl Stone Soup version 0.25-a0-253-g6f1b5d974a (webtiles) character file.

Game seed: 4528258107222198995, levelgen mode: deterministic

97 night the Grasshopper (level 4, -1/35 HPs)
             Began as a Demonspawn Warper on Dec 5, 2019.
             Slain by Crazy Yiuf
             ... wielding a +2 quarterstaff of chaos
              (5 damage)
             ... while petrified by Crazy Yiuf
             ... on level 2 of the Dungeon.
             The game lasted 00:08:30 (2286 turns).

night the Grasshopper (Demonspawn Warper)           Turns: 2286, Time: 00:08:31

Health: -1/35      AC:  5    Str: 17    XL:     4   Next: 42%
Magic:  5/7        EV:  2    Int: 15    God:
Gold:   16         SH:  0    Dex: 12    Spells: 1/8 levels left

rFire    . . .     SeeInvis .     - Unarmed
rCold    . . .     Gourm    .   (no shield)
rNeg     + + +     Faith    .   i - +0 ring mail
rPois    ∞         Spirit   .   (helmet restricted)
rElec    .         Reflect  .   (no cloak)
rCorr    .         Harm     .   (no gloves)
MR       .....                  (no boots)
Stlth    ++........             (no amulet)
HPRegen  0.11/turn              g - ring of stealth
MPRegen  0.10/turn              (no ring)

@: mighty, petrified, shrouded (expiring), slightly contaminated, invisible
A: horns 1, spiny 1
a: no special abilities


You were on level 2 of the Dungeon.
You were not hungry.

You visited 1 branch of the dungeon, and saw 2 of its levels.

You collected 16 gold pieces.

Inventory:

Missiles
 d - 3 boomerangs of dispersal (quivered)
 k - 9 stones
Armour
 a - a +0 leather armour
 i - a +0 ring mail (worn)
Jewellery
 g - a ring of stealth (left hand)
Scrolls
 c - a scroll of blinking
 e - a scroll of identify {unknown}
 l - a scroll of teleportation {unknown}
 m - a scroll of immolation {unknown}
 o - a scroll of random uselessness {unknown}
 r - a scroll of enchant weapon {unknown}
Potions
 b - a potion of resistance {unknown}
 h - 2 potions of lignification {unknown}
 n - a potion of might
 p - a potion of brilliance {unknown}
 q - a potion of flight {unknown}
 s - a potion of degeneration {unknown}
Comestibles
 f - 3 rations
 j - 2 chunks of flesh


   Skills:
 + Level 3.0 Fighting
 - Level 0.8 Throwing
 - Level 0.8 Armour
 - Level 1.7 Dodging
 + Level 2.9 Unarmed Combat
 - Level 2.6 Spellcasting
 + Level 3.1 Translocations


You had one spell level left.
You knew the following spells:

 Your Spells              Type           Power        Failure   Level  Hunger
a - Blink                 Tloc           N/A          16%         2    ###....
b - Shroud of Golubria    Chrm/Tloc      #.....       30%         2    ###....
c - Gell's Gravitas       Tloc           ##........   32%         3    ###....

Your spell library contained the following spells:

 Spells                   Type           Power        Failure   Level  Hunger
 Lesser Beckoning         Tloc           ##........   32%         3    ###....
 Teleport Other           Tloc           ##......     32%         3    ###....
 Passage of Golubria      Tloc           N/A          71%         4    #####..


Dungeon Overview and Level Annotations

Branches:
Dungeon (2/15)

Altars:
Fedhas

Annotations:
D:2 Crazy Yiuf, Terence


Innate Abilities, Weirdness & Mutations

You have a pair of small horns on your head.
You are partially covered in sharp spines.


Message History

You feel very mighty all of a sudden. Crazy Yiuf is struck by your spines.
Crazy Yiuf hits you but does no damage.
You fade into invisibility!
You are very lightly contaminated with residual magic.
You have turned to stone.
Crazy Yiuf says, "Crazy?
Crazy!?
PORCUPINE!"
Crazy Yiuf hits you with a +2 quarterstaff of chaos!
* * * LOW HITPOINT WARNING * * *
Crazy Yiuf freezes you.
Your shroud begins to fray at the edges.
Crazy Yiuf is struck by your spines. Crazy Yiuf barely misses you.
Crazy Yiuf barely misses you. Crazy Yiuf hits you but does no damage.
You fade further into invisibility.
You are lightly contaminated with residual magic.
Crazy Yiuf zaps a wand.
The puff of flame misses you.
Crazy Yiuf hits you with a +2 quarterstaff of chaos!
* * * LOW HITPOINT WARNING * * *
You convulse!
You die...

≈≈≈≈≈≈..# #.#
#.####.#.# ≈≈≈≈≈...#
#.# #........#
≈≈≈.....# #.#
######.### ....#.#.#
### ##'## #####...#
##...## # ####.#
##.....## ##.##.# ###
####.......#
###...#.## #)..###
##..#....)...
$........#
#...g@####............
###...#.##
#...##..#.............
##.##.# ###
###.#...#.......#
#####.#
########.....##
#.@...# ##...##
#.##### ## ##'## #.#
#.# #.# #@# #.# #.#
#.# #.# ##.##


You could see Crazy Yiuf.

Vanquished Creatures
  4 adders (D:2)
  5 dart slugs
  A giant cockroach (D:1)
  7 goblins
  7 hobgoblins
  4 jackals (D:1)
  8 kobolds
  A ball python (D:1)
  6 bats
  4 frilled lizards
  6 rats
53 creatures vanquished.

Notes
Turn   | Place    | Note
-------+----------+-------------------------------------------
     0 | D:1      | night the Demonspawn Warper began the quest for the Orb.
     0 | D:1      | Reached XP level 1. HP: 16/16 MP: 3/3
   399 | D:1      | Gained mutation: You have a pair of small horns on your
                  | head. [demonic ancestry]
   399 | D:1      | Reached XP level 2. HP: 17/22 MP: 5/5
   499 | D:1      | You fall into a shaft and drop 1 floor!
   616 | D:2      | Gained mutation: You are partially covered in sharp spines.
                  | [demonic ancestry]
   616 | D:2      | Reached XP level 3. HP: 22/28 MP: 6/6
   630 | D:2      | Learned a level 2 spell: Blink
   709 | D:2      | Found a blossoming altar of Fedhas.
   736 | D:2      | Noticed Terence
  1208 | D:1      | Learned a level 2 spell: Shroud of Golubria
  1379 | D:1      | Reached XP level 4. HP: 32/34 MP: 7/7
  1781 | D:1      | Learned a level 3 spell: Gell's Gravitas
  2241 | D:2      | Found a runed translucent door.
  2242 | D:2      | Noticed Crazy Yiuf
  2286 | D:2      | Slain by Crazy Yiuf

Levels and vault maps discovered:
D:1:      minmay_arrival_glassed_features, layout_basic,
          hangedman_decor_peaks_small
D:2:      layout_loops_corners, fedhas_ov_isle_minmay, uniq_crazy_yiuf_cottage,
          uniq_terence

Skill      XL: |  1  2  3  4 |
---------------+-------------+-----
Unarmed Combat | 2 |  2.9
Translocations | 3 |  3.1
Fighting       | 3 |  3.0
Throwing       | |  0.8
Armour         | |  0.8
Dodging        | |  1.7
Spellcasting   | |  2.6

Action                   |  1- 3 |  4- 6 || total
-------------------------+-------+-------++-------
Melee: Unarmed           |   113 |    37 ||   150
       Headbutt          |     9 |     4 ||    13
Throw: Boomerang         |     2 |       ||     2
 Cast: Blink             |     1 |       ||     1
       Shroud of Golubri |       |     2 ||     2
       Gell's Gravitas   |       |     2 ||     2
  Use: Potion            |     1 |     1 ||     2
 Stab: Sleeping          |     3 |       ||     3
  Eat: Chunk             |     2 |     3 ||     5
Armor: Leather armour    |    31 |       ||    31
       Ring mail         |     4 |    16 ||    20
Dodge: Dodged            |    65 |    17 ||    82

Table legend:
 A = Non-vault XP
 B = Vault XP
 C = Vault XP percentage of total XP
 D = Non-vault monster count
 E = Vault monster count
 F = Vault count percentage of total count
                 A         B        C        D         E       F
            +---------+---------+-------+---------+---------+-------
      Total |     139 |       0 |   0.0 |      53 |       0 |   0.0
            +---------+---------+-------+---------+---------+-------
        D:1 |      57 |       0 |   0.0 |      33 |       0 |   0.0
        D:2 |      82 |       0 |   0.0 |      20 |       0 |   0.0
            +---------+---------+-------+---------+---------+-------
